 Dungeon Crawl Stone Soup version 0.27-a0-498-g7ecbb0a48f (webtiles) character file.

Game seed: 5972795147619614260

105 BattleRest the Sneak (level 4, -3/21 HPs)
             Began as a Spriggan Enchanter on Mar 3, 2021.
             Slain by Sigmund
             ... wielding a +0 scythe
              (13 damage)
             ... on level 3 of the Dungeon.
             The game lasted 00:21:26 (4059 turns).

BattleRest the Sneak (Spriggan Enchanter)           Turns: 4059, Time: 00:21:28

Health: -3/21      AC:  2    Str:  4    XL:     4   Next: 53%
Magic:  5/10       EV: 18    Int: 17    God:
Gold:   123        SH:  0    Dex: 15    Spells: 4/10 levels left

rFire    . . .     SeeInvis +   n - +0 rapier (holy)
rCold    . . .     Faith    .   (shield restricted)
rNeg     . . .     Spirit   .   b - +0 robe
rPois    .         Reflect  .   (helmet restricted)
rElec    .         Harm     .   e - scarf {+Inv}
rCorr    .         Rampage  .   (gloves unavailable)
Will     .....                  (boots unavailable)
Stlth    +++.......             (no amulet)
HPRegen  0.07/turn              (no ring)
MPRegen  0.12/turn              (no ring)

@: very slightly contaminated, very quick
A: very small, unfitting armour, see invisible, speed 3
a: Evoke Invisibility


You were on level 3 of the Dungeon.
You visited 1 branch of the dungeon, and saw 4 of its levels.

You collected 123 gold pieces.

Inventory:

Hand Weapons
 a - a +1 dagger
 n - a +0 rapier of holy wrath (weapon)
Armour
 b - a +0 robe (worn)
 e - a scarf of invisibility (worn)
Scrolls
 f - a scroll of enchant armour {unknown}
 g - a scroll of random uselessness
 l - a scroll of magic mapping
 o - a scroll of teleportation {unknown}
 p - a scroll of immolation {unknown}
 s - a scroll of fog {unknown}
Potions
 c - a potion of flight {unknown}
 d - 3 potions of degeneration {unknown}
 h - 5 potions of curing
 i - a potion of attraction {unknown}
 j - 2 potions of heal wounds {unknown}
 k - a potion of resistance {unknown}
 m - a potion of brilliance {unknown}
 q - a potion of haste {unknown}
 r - 2 potions of cancellation {unknown}


   Skills:
 + Level 2.1 Short Blades
 + Level 3.5 Dodging
 + Level 5.2 Stealth
 + Level 3.5 Spellcasting
 * Level 4.6 Hexes


You had 4 spell levels left.
You knew the following spells:

 Your Spells              Type           Power        Failure   Level
a - Corona                Hex            20%          2%          1
b - Ensorcelled Hibernat  Hex/Ice        20%          10%         2
c - Confusing Touch       Hex            18%          8%          3

Your spell library contained the following spells:

 Spells                   Type           Power        Failure   Level
 Tukima's Dance           Hex            18%          8%          3
 Dazzling Flash           Conj/Hex       20%          19%         3


Dungeon Overview and Level Annotations

Branches:
Dungeon (4/15)
 Temple: D:4-7

Altars:
Cheibriados
Elyvilon
Kikubaaqudgha
Okawaru
The Shining One

Annotations:
D:3 Sigmund


Innate Abilities, Weirdness & Mutations

You are very small and have problems with some larger weapons.
You are too small for most types of armour.
You have supernaturally acute eyesight. (SInv)
You cover ground extremely quickly.


Message History

Casting: Ensorcelled Hibernation (safe; 10% risk of failure)
Confirm with . or Enter, or press ? or * to list all spells.
Aiming: Ensorcelled Hibernation (safe; 10% risk of failure)
Press: ? - help, Shift-Dir - straight line, f - Sigmund
Aim: Sigmund, wielding a +0 scythe and wearing a +0 robe (wandering, hasn't noticed you, chance to affect: 50%)
You miscast Ensorcelled Hibernation.
You are very lightly contaminated with residual magic.
Nothing appears to happen.
Sigmund casts a spell at you. The magic dart hits you.
Casting: Ensorcelled Hibernation (safe; 10% risk of failure)
Confirm with . or Enter, or press ? or * to list all spells.
Aiming: Ensorcelled Hibernation (safe; 10% risk of failure)
Press: ? - help, Shift-Dir - straight line, f/p - Sigmund
Aim: Sigmund, wielding a +0 scythe and wearing a +0 robe (chance to affect: 50%) Sigmund resists with some effort.
Sigmund hits you from afar with a +0 scythe!
Casting: Ensorcelled Hibernation (safe; 10% risk of failure)
Confirm with . or Enter, or press ? or * to list all spells.
Aiming: Ensorcelled Hibernation (safe; 10% risk of failure)
Press: ? - help, Shift-Dir - straight line, f/p - Sigmund
Aim: Sigmund, wielding a +0 scythe and wearing a +0 robe (chance to affect: 50%) Sigmund looks drowsy...
The helpless Sigmund fails to defend himself.
You impale Sigmund!!
Sigmund is severely wounded.
Sigmund closely misses you.
You hit Sigmund.
Sigmund is almost dead.
You hit Sigmund.
Sigmund is almost dead.
Sigmund gestures at you while chanting. The puff of flame misses you.
You closely miss Sigmund.
Sigmund is almost dead.
Sigmund gestures at himself while chanting.
Sigmund flickers and vanishes for a moment.
Sigmund hits you with a +0 scythe!
Ouch! That really hurt!
You die...

#.# *,* *,,,,* #. #.#
*.* ***,,***#@ #.#
***#.*******......[ #.#
*,,..,,,,,,,.####.. #.#
*,*.#******,,* *#.# #.#
*,*.######*,,***..* #.#
*,,.......,,,,,..#*
#.#####@..#*******###**
#...#.@...#*,*,*,,,*,*,
###.#.#..##**,*,,*,,*,*
#.#.#..# *,*,,***,,*,
#.#.#..#***,,**,**,,*
#.#.#...,*,,**,,,**,,
#.#.##.#.,,**,,,,,,,,
#.#.#*...#,,**,,,**,,
#.#.#*##*#*,,**,**,,*
#.#.# *,*,,***,,*,


You could see Sigmund (invisible).

Vanquished Creatures
  A worker ant (D:4)
  2 adders (D:3)
  2 worms (D:2)
  2 dart slugs
  2 leopard geckos
  A ball python (D:2)
  4 bats
  3 giant cockroaches
  7 goblins
  7 hobgoblins
  6 jackals
  2 quokkas
  7 frilled lizards
  2 kobolds
  2 rats
50 creatures vanquished.

Notes
Turn   | Place    | Note
-------+----------+-------------------------------------------
     0 | D:1      | BattleRest the Spriggan Enchanter began the quest for the
                  | Orb.
     0 | D:1      | Reached XP level 1. HP: 9/9 MP: 5/5
   431 | D:1      | Reached XP level 2. HP: 13/13 MP: 6/6
  1492 | D:2      | Learned a level 2 spell: Ensorcelled Hibernation
  1795 | D:2      | Reached XP level 3. HP: 14/16 MP: 2/8
  1884 | D:2      | Learned a level 3 spell: Confusing Touch
  2697 | D:2      | Reached skill level 5 in Stealth
  3018 | D:3      | Found a snail-covered altar of Cheibriados.
  3349 | D:3      | Found a glowing golden altar of the Shining One.
  3356 | D:3      | Noticed Sigmund
  3395 | D:4      | Reached XP level 4. HP: 9/21 MP: 6/10
  3801 | D:3      | Found an iron altar of Okawaru.
  3805 | D:3      | Found a white marble altar of Elyvilon.
  3806 | D:3      | Found an ancient bone altar of Kikubaaqudgha.
  4059 | D:3      | Slain by Sigmund

Illustrated notes

Levels and vault maps discovered:
D:1:      kilobyte_arrival_exit_the_forest, layout_rooms,
          grunt_decor_one_mirror, serial_park_tiny_pond
D:2:      layout_basic
D:3:      minmay_diamond_boxcup, layout_loops_ring, cheibriados_altar_1,
          nicolae_overflow_crystal_walls, grunt_temple_overflow_open,
          uniq_sigmund
D:4:      layout_basic, evilmike_ruin_ashenzari, temple_statues

Skill      XL: |  1  2  3 |
---------------+----------+-----
Dodging        | 3 |  3.5
Spellcasting   | 3 |  3.5
Hexes          | 4 |  4.6
Stealth        | 5 |  5.2
Short Blades   | 2 |  2.1

Action                   |  1- 3 |  4- 6 || total
-------------------------+-------+-------++-------
Melee: Dagger            |   134 |       ||   134
       Rapier            |    23 |    18 ||    41
 Cast: Corona            |    10 |       ||    10
       Ensorcelled Hiber |    35 |     5 ||    40
       Confusing Touch   |     2 |       ||     2
  Use: Scroll            |     2 |       ||     2
 Stab: Sleeping          |    28 |     5 ||    33
       Confused          |     2 |       ||     2
Armor: Robe              |     8 |     2 ||    10
Dodge: Dodged            |   113 |    11 ||   124

Table legend: (Time is in decaauts)
 A = Elapsed time spent in this place.
 B = Non-inter-level travel time spent in this place.
 C = Inter-level travel time spent in this place.
 D = Time resting spent in this place.
 E = Time spent auto-exploring this place.
 F = Levels seen in this place.
 G = Mean time per level.
                   A        B        C        D        E       F      G
               +--------+--------+--------+--------+--------+-----+--------+
         Total |   3371 |   3304 |     67 |   1922 |    443 |   4 |  842.8 |
       Dungeon |   3371 |   3304 |     67 |   1922 |    443 |   4 |  842.8 |
               +--------+--------+--------+--------+--------+-----+--------+

Top non-repeatable levels by time:
     D:1: 1428 daAuts
     D:2: 949 daAuts
     D:3: 671 daAuts
     D:4: 321 daAuts
